 Dungeon Crawl Stone Soup version 0.19-a0-1815-g4007336 (webtiles) character file.

1470 dobroeutro the Cleaver (level 8, -3/74 HPs)
             Began as a Minotaur Fighter on Oct 5, 2016.
             Was a Believer of the Shining One.
             Slain by an orc wizard
             ... wielding a +3 dagger
              (4 damage)
             ... on level 7 of the Dungeon.
             The game lasted 00:08:05 (4742 turns).

dobroeutro the Cleaver (Minotaur Fighter)           Turns: 4742, Time: 00:08:06

Health: -3/74      AC:  9    Str: 23    XL:     8   Next: 49%
Magic:  7/7        EV:  7    Int:  5    God:    the Shining One [**....]
Gold:   358        SH: 10    Dex: 10    Spells: 0 memorised, 7 levels left

rFire  . . .     SeeInvis .     a - +0 war axe
rCold  . . .     Gourm    .     b - +0 scale mail
rNeg   + . .     Faith    .     c - +1 shield
rPois  .         Spirit   .     (helmet restricted)
rElec  .         Dismiss  .     m - +0 cloak
rCorr  +         Reflect  .     l - +0 pair of gloves
MR     .....     Harm     .     (no boots)
Stlth  ..........               (no amulet)
                                (no ring)
                                o - ring of resist corrosion

@: lethally poisoned (-3 -> -17), glowing
A: retaliatory headbutt, horns 2
a: Divine Shield, Renounce Religion


You were on level 7 of the Dungeon.
You worshipped the Shining One.
The Shining One was pleased with you.
You were very hungry.

You visited 1 branch of the dungeon, and saw 7 of its levels.

You collected 358 gold pieces.

Inventory:

Hand Weapons
 a - a +0 war axe (weapon)
Armour
 b - a +0 scale mail (worn)
 c - a +1 shield (worn)
 l - a +0 pair of gloves (worn)
 m - a +0 cloak (worn)
Jewellery
 o - a ring of resist corrosion (left hand)
Wands
 x - a wand of confusion (25/48)
Scrolls
 e - a scroll of fear
 p - 6 scrolls of blinking
 u - 3 scrolls of remove curse
 w - a scroll of fog
 y - a scroll of identify
 z - a scroll of amnesia {unknown}
Potions
 d - 3 potions of might
 g - a potion of brilliance
 h - a potion of curing
 i - a potion of lignification
 j - a potion of flight
 k - a potion of beneficial mutation
 n - 2 potions of haste
 q - a potion of degeneration
 s - a potion of invisibility
 v - a potion of resistance {unknown}
Comestibles
 f - 6 bread rations
 r - a royal jelly
 t - 3 meat rations


   Skills:
 + Level 8.1 Fighting
 * Level 10.3 Axes
 - Level 4.0 Armour
 - Level 4.0 Shields


You had 7 spell levels left.
You didn't know any spells.

Dungeon Overview and Level Annotations

Branches:
Dungeon (7/15)             Temple (0/1) D:6

Altars:
Dithmenos
Fedhas
Qazlal
Ru
The Shining One


Innate Abilities, Weirdness & Mutations

You reflexively headbutt those who attack you in melee.
You have a pair of horns on your head.


Message History

You feel sick. The killer bee barely misses you. You furiously retaliate!
You headbutt the killer bee, but do no damage.
You block the killer bee's attack. The killer bee stings you.
* * * LOW HITPOINT WARNING * * *
You are more poisoned.
The killer bee poisons you!
The killer bee stings you but does no damage.
The killer bee stings you.
* * * LOW HITPOINT WARNING * * *
The killer bee completely misses you. You block the killer bee's attack.
You block the orc warrior's attack.
The killer bee stings you but does no damage. x2
The killer bee stings you.
* * * LOW HITPOINT WARNING * * *
You are more poisoned.
The killer bee poisons you!
The orc wizard casts a spell.
The orc wizard blinks!
The orc wizard hits you with an enchanted dagger.
You die...

.... . ...## ..
...? . ...
...##.. ....
.......
.....###....#..
%....ooyy......
.....oo@y..>...
.##.ยง##yy...#..
# #.....#
#........
##.......
....... ....##.
....#


You could see an orc warrior, 5 killer bees, an orc priest, an orc wizard and an
orc.

Vanquished Creatures
  Sigmund (D:5)
  The ghost of Ijustatesigmund the Magician, an amateur SpWz of Ru (D:4)
  An ice beast (D:5)
  2 ogres (D:5)
  2 centaurs
  A bullfrog (D:6)
  2 howler monkeys
  A crimson imp (D:5)
  A bullfrog skeleton (D:5)
  3 orc wizards
  A centaur skeleton (D:4)
  3 orc priests
  Crazy Yiuf (D:3)
  An iguana (D:4)
  Jessica (D:2)
  Ijyb (D:3)
  A worker ant zombie (D:6)
  5 gnolls
  10 adders
  A shadow imp (D:5)
  An adder skeleton (D:6)
  2 worms (D:2)
  5 dart slugs
  5 leopard geckos
  16 orcs
  3 ball pythons
  8 bats
  6 giant cockroaches
  9 goblins
  8 hobgoblins
  A jackal (D:1)
  9 kobolds
  2 quokkas
  3 frilled lizards
  A jackal skeleton (D:4)
  6 rats
125 creatures vanquished.

Notes
Turn   | Place    | Note
-------+----------+-------------------------------------------
     0 | D:1      | dobroeutro the Minotaur Fighter began the quest for the Orb.
     0 | D:1      | Reached XP level 1. HP: 19/19 MP: 0/0
   111 | D:1      | Reached XP level 2. HP: 27/27 MP: 1/1
   302 | D:1      | Reached XP level 3. HP: 31/33 MP: 2/2
   546 | D:1      | Reached skill level 3 in Axes
   588 | D:2      | Found a glowing golden altar of the Shining One.
   591 | D:2      | Found a sacrificial altar of Ru.
   611 | D:2      | Became a worshipper of the Shining One
   999 | D:2      | Reached XP level 4. HP: 41/41 MP: 3/3
  1022 | D:2      | Reached skill level 4 in Axes
  1159 | D:2      | Noticed Jessica
  1164 | D:2      | Killed Jessica
  1245 | D:3      | Reached skill level 5 in Fighting
  1250 | D:3      | Reached XP level 5. HP: 47/48 MP: 4/4
  1306 | D:3      | Noticed Ijyb
  1316 | D:3      | Killed Ijyb
  1316 | D:3      | Reached skill level 5 in Axes
  1572 | D:3      | Found a runed door.
  1707 | D:3      | Reached XP level 6. HP: 55/56 MP: 5/5
  1740 | D:3      | Found a stormy altar of Qazlal.
  2068 | D:3      | Noticed Crazy Yiuf
  2068 | D:3      | Reached * piety under the Shining One
  2074 | D:3      | Killed Crazy Yiuf
  2074 | D:3      | Reached skill level 6 in Axes
  2338 | D:4      | Noticed Ijustatesigmund's ghost (amateur SpWz)
  2642 | D:4      | Killed Ijustatesigmund's ghost
  2642 | D:4      | Reached skill level 7 in Axes
  2888 | D:4      | Reached XP level 7. HP: 60/63 MP: 6/6
  3125 | D:5      | Entered Level 5 of the Dungeon
  3217 | D:5      | Reached skill level 8 in Axes
  3537 | D:5      | Noticed Sigmund
  3540 | D:5      | Reached ** piety under the Shining One
  3545 | D:5      | Killed Sigmund
  3547 | D:5      | Reached skill level 9 in Axes
  3643 | D:5      | Reached XP level 8. HP: 73/73 MP: 7/7
  3649 | D:5      | Found a shadowy altar of Dithmenos.
  4024 | D:6      | Found a blossoming altar of Fedhas.
  4373 | D:6      | Found a staircase to the Ecumenical Temple.
  4381 | D:6      | Reached skill level 10 in Axes
  4742 | D:7      | HP: 3/74 [killer bee (5)]
  4742 | D:7      | HP: 1/74 [killer bee (2)]
  4742 | D:7      | Slain by an orc wizard

Vault maps used:
D:1:      lightli_arrival_maybe_door_vault, serial_bayou_pond_a, minmay_vboxes
D:2:      grunt_temple_overflow_open, uniq_jessica
D:3:      nicolae_qazlal_eye_of_the_storm, feat_on_display,
          uniq_crazy_yiuf_cottage, uniq_iyjb
D:5:      lemuel_ice_spiral_2, nicolae_dithmenos_the_darkroom, first_bread,
          uniq_sigmund
D:6:      fedhas_altar_4, minmay_misc_feat_rows, kennysheep_generic_room_11
D:7:      the_bakery

Skill      XL: |  1  2  3  4  5  6  7  8 |
---------------+-------------------------+-----
Armour         | 4 |  4.0
Fighting       | 4 5 6 7 8 |  8.1
Shields        | 4 |  4.0
Axes           | 3 4 5 7 9 10 | 10.3

Action                   |  1- 3 |  4- 6 |  7- 9 || total
-------------------------+-------+-------+-------++-------
Melee: War axe           |    66 |   137 |    88 ||   291
       Headbutt          |     9 |    24 |    13 ||    46
  Use: Scroll            |     6 |     9 |       ||    15
  Eat: Chunk             |       |     5 |     6 ||    11
Armor: Scale mail        |    33 |     7 |    27 ||    67
       Ring mail         |     1 |    34 |       ||    35
Dodge: Dodged            |    21 |    26 |    25 ||    72
Block: Shield            |    48 |    56 |    48 ||   152
